Map: [ESL] Oceanborn

Players

SKillous

  • Race: Protoss Protoss
  • Spawn Location: 5:00

Lambo - Winner!

  • Race: Zerg Zerg
  • Spawn Location: 11:00

Event: ESL SC2 Masters 2023 Winter (Finals)

VOD

Have the link to the VOD?

Description

Time

  • Played on: Dec. 15, 2023, 11:22 a.m.
  • Length: 14:40

All games in this series

Show
View Real Time Build Order
Export as new Build Order

SKillous Protoss 

Build Orders: 1 Gate Expand, Oracle Opening, Archon Immortal 

Get SALT Encoding   

  12  0:00  Probe  
  13  0:13  Pylon  
  13  0:17  Probe (Chrono Boost)  
  14  0:27  Probe (Chrono Boost)  
  15  0:32  Probe (Chrono Boost)  
  16  0:38  Gateway  
  16  0:44  Probe  
  16  0:47  Assimilator  
  17  0:56  Probe  
  18  1:08  Probe  
  19  1:20  Probe  
  20  1:27  Nexus  
  20  1:36  Cybernetics Core  
  20  1:39  Probe  
  21  1:45  Assimilator  
  21  1:51  Probe  
  21  1:53  Pylon  
  22  2:03  Probe  
  23  2:09  Adept (Chrono Boost)  
  23  2:15  Probe  
  26  2:17  Stargate  
  26  2:27  Probe, Warp Gate  
  29  2:39  Probe (Chrono Boost)  
  31  2:45  Probe (Chrono Boost)  
  31  2:48  Probe (Chrono Boost)  
  32  2:52  Probe (Chrono Boost)  
  32  2:53  Probe (Chrono Boost)  
  34  2:58  Oracle (Chrono Boost)  
  34  3:03  Probe  
  38  3:06  Probe  
  37  3:13  Nexus  
  37  3:16  Probe  
  38  3:21  Pylon  
  38  3:22  Probe  
  38  3:26  Oracle (Chrono Boost)  
  39  3:30  Probe  
  43  3:36  Probe (Chrono Boost)  
  43  3:38  Gateway  
  44  3:46  Probe (Chrono Boost)  
  44  3:48  Probe (Chrono Boost)  
  47  3:56  Oracle, Probe (Chrono Boost)  
  47  3:57  Probe (Chrono Boost)  
  47  3:58  Assimilator  
  47  4:00  Assimilator  
  47  4:02  Probe  
  51  4:04  Pylon  
  51  4:07  Probe (Chrono Boost)  
  53  4:14  Twilight Council, Probe (Chrono Boost)  
  56  4:25  Forge  
  56  4:26  Probe (Chrono Boost)  
  56  4:28  Adept, Probe x2 (Chrono Boost)  
  59  4:35  Probe (Chrono Boost)  
  59  4:37  Probe (Chrono Boost)  
  59  4:38  Shield Battery  
  62  4:39  Probe (Chrono Boost)  
  62  4:41  Probe (Chrono Boost)  
  62  4:42  Adept  
  62  4:44  Probe  
  66  4:48  Probe  
  66  4:49  Pylon  
  67  4:53  Probe, Charge  
  67  4:56  Probe  
  69  5:00  Probe  
  69  5:01  Protoss Ground Weapons Level 1 (Chrono Boost)  
  69  5:05  Probe  
  71  5:08  Gateway, Probe (Chrono Boost)  
  73  5:15  Probe (Chrono Boost)  
  73  5:17  Probe (Chrono Boost)  
  73  5:19  Gateway  
  73  5:20  Probe (Chrono Boost)  
  73  5:21  Gateway  
  75  5:24  Gateway  
  75  5:28  Probe (Chrono Boost)  
  78  5:29  Probe x2 (Chrono Boost)  
  78  5:31  Templar Archives  
  78  5:32  Probe (Chrono Boost)  
  78  5:34  Probe  
  78  5:35  Pylon  
  79  5:37  Assimilator, Probe  
  79  5:39  Assimilator  
  81  5:43  Probe  
  81  5:46  Probe  
  81  5:49  Robotics Facility, Probe  
  84  5:50  Robotics Facility  
  84  5:55  Probe  
  84  5:56  Zealot x2  
  89  5:58  Pylon  
  89  6:03  Pylon  
  89  6:05  Zealot  
  89  6:07  Pylon  
  91  6:15  Zealot  
  93  6:19  Zealot x4  
  93  6:20  Pylon  
  101  6:32  Nexus  
  101  6:33  Pylon  
  101  6:35  Immortal (Chrono Boost)  
  101  6:36  Pylon  
  109  6:45  Immortal (Chrono Boost)  
  109  6:52  Phoenix (Chrono Boost)  
  111  6:55  Protoss Ground Weapons Level 2  
  111  6:56  High Templar x6  
  111  7:00  Shield Battery, Probe x2  
  125  7:02  Photon Cannon  
  125  7:03  Pylon  
  125  7:04  Immortal (Chrono Boost)  
  125  7:06  Archon x2  
  125  7:07  Archon  
  129  7:10  Probe  
  129  7:13  Probe  
  131  7:21  Probe  
  132  7:25  Gateway  
  132  7:26  Probe  
  132  7:27  Gateway  
  132  7:28  Gateway x2  
  133  7:32  Assimilator  
  133  7:34  Assimilator  
  133  7:35  Immortal (Chrono Boost)  
  137  7:45  Probe  
  137  7:47  Probe  
  137  7:50  Immortal (Chrono Boost)  
  143  7:51  High Templar  
  143  7:52  High Templar x2, Shield Battery  
  143  7:54  Shield Battery  
  143  7:55  Archon  
  143  7:56  Photon Cannon  
  143  7:57  High Templar, Shield Battery  
  151  8:09  Archon  
  151  8:11  Zealot x2  
  159  8:13  Immortal  
  159  8:15  Immortal (Chrono Boost)  
  159  8:19  Shield Battery  
  163  8:21  Shield Battery  
  163  8:24  Photon Cannon  
  163  8:25  Shield Battery  
  163  8:28  Pylon  
  163  8:30  Pylon  
  163  8:34  Pylon  
  163  8:40  Stalker  
  147  8:50  Zealot x4  
  147  8:51  Probe x2  
  147  8:53  Immortal (Chrono Boost)  
  147  8:55  Immortal (Chrono Boost), Probe x2  
  151  9:05  High Templar x2  
  151  9:06  High Templar x2  
  151  9:07  High Templar  
  151  9:09  Pylon  
  161  9:10  Archon x2  
  161  9:13  Probe x4  
  145  9:22  Zealot x5  
  152  9:25  Probe  
  152  9:26  Immortal (Chrono Boost)  
  152  9:29  Probe x3  
  155  9:34  Warp Prism (Chrono Boost)  
  155  9:37  Probe  
  158  9:40  High Templar x3  
  158  9:42  Zealot x2  
  158  9:44  Zealot  
  169  9:46  Archon  
  167  9:54  Archon  
  167  9:55  Zealot x4  
  170  10:01  Protoss Ground Weapons Level 3 (Chrono Boost)  
  170  10:02  Immortal (Chrono Boost)  
  166  10:07  High Templar  
  166  10:10  High Templar  
  166  10:11  Zealot  
  172  10:15  Archon  
  172  10:17  Observer (Chrono Boost)  
  172  10:19  Probe  
  172  10:21  Zealot x2  
  178  10:27  Pylon  
  174  10:30  Photon Cannon  
  174  10:32  Photon Cannon  
  174  10:35  Pylon  
  172  10:38  High Templar x2  
  172  10:39  Zealot  
  172  10:41  Pylon  
  172  10:42  Warp Prism (Chrono Boost)  
  170  10:43  Probe x2  
  170  10:44  Archon  
  178  10:53  Immortal (Chrono Boost)  
  178  10:54  High Templar x2  
  178  10:56  Photon Cannon  
  182  10:59  Archon, Photon Cannon x2  
  180  11:18  High Templar  
  180  11:19  High Templar x2  
  180  11:20  High Templar  
  180  11:21  Nexus  
  180  11:22  Pylon  
  180  11:24  Archon  
  188  11:27  Archon  
  188  11:38  Immortal (Chrono Boost)  
  160  11:43  Immortal (Chrono Boost)  
  128  11:50  High Templar x2  
  130  11:54  Archon  
  130  11:55  Zealot  
  130  11:56  Zealot x4  
  140  12:03  Zealot x3  
  142  12:15  Pylon  
  142  12:16  High Templar x4  
  142  12:17  Assimilator  
  142  12:19  Immortal (Chrono Boost)  
  142  12:21  Assimilator  
  142  12:22  Archon x2  
  154  12:29  Immortal  
  158  12:34  High Templar x2  
  158  12:35  Zealot x4  
  170  12:39  Archon  
  162  12:56  Immortal  
  162  12:58  Psionic Storm  
  156  13:02  High Templar x2  
  156  13:11  Nexus  
  154  13:15  Pylon  
  154  13:19  High Templar x2  
  156  13:27  Photon Cannon  
  156  13:29  Pylon  
  156  13:31  Zealot x6  
  156  13:48  High Templar x2  
  156  13:51  High Templar x2  
  156  13:54  Archon  
  154  13:57  Archon  
  154  13:59  Stalker x2  
  154  14:01  Archon  
  140  14:09  Zealot x4  
  106  14:15  Zealot x2  
  97  14:21  Probe  
  97  14:22  Probe x2  
  97  14:23  Zealot x2  
  102  14:25  Zealot x2  
  98  14:36  Zealot x4  
Show
View Real Time Build Order
Export as new Build Order

Lambo Zerg - Winner!

Build Orders: Hatch First 

Get SALT Encoding   

  12  0:00  Drone  
  13  0:09  Drone  
  14  0:14  Extractor  
  14  0:15  Drone  
  15  0:36  Hatchery  
  15  0:41  Extractor, Drone  
  15  0:48  Overlord  
  15  1:02  Spawning Pool  
  14  1:07  Drone  
  14  1:10  Drone  
  16  1:14  Drone  
  16  1:18  Drone  
  18  1:25  Extractor  
  17  1:28  Drone  
  18  1:39  Drone  
  19  1:48  Queen x2  
  19  1:49  Drone  
  19  1:53  Drone  
  25  1:58  Drone  
  26  2:01  Overlord  
  26  2:09  Zergling x2  
  26  2:12  Zergling x2  
  28  2:21  Drone  
  28  2:22  Drone  
  30  2:32  Drone  
  30  2:35  Metabolic Boost  
  33  2:40  Hatchery  
  33  2:42  Drone  
  31  2:47  Overlord  
  31  2:49  Drone  
  32  2:54  Queen  
  32  2:57  Drone  
  35  2:59  Drone  
  35  3:05  Drone x3  
  39  3:10  Overlord  
  39  3:15  Queen  
  41  3:21  Drone x2  
  41  3:24  Drone  
  44  3:30  Queen  
  44  3:31  Drone x2  
  44  3:33  Drone  
  49  3:35  Spore Crawler  
  49  3:37  Drone x2  
  50  3:47  Drone x2  
  52  3:51  Spore Crawler  
  52  3:52  Queen  
  52  3:54  Drone  
  54  3:56  Drone x2  
  54  4:01  Overlord  
  54  4:02  Zergling x4  
  58  4:07  Overlord  
  58  4:08  Overlord  
  58  4:13  Overlord  
  58  4:16  Overlord  
  58  4:19  Queen, Overlord  
  58  4:20  Drone  
  58  4:21  Drone  
  58  4:23  Drone  
  63  4:26  Drone x2  
  63  4:29  Evolution Chamber  
  64  4:34  Drone x4  
  64  4:37  Drone  
  64  4:38  Drone  
  67  4:40  Drone  
  67  4:42  Drone x2  
  67  4:43  Zergling x2  
  71  4:48  Drone x3  
  71  4:52  Roach Warren  
  73  4:56  Drone x2  
  73  4:58  Drone x2, Spore Crawler  
  75  5:01  Drone x2  
  75  5:02  Drone  
  75  5:04  Drone  
  75  5:06  Zerg Melee Weapons Level 1  
  79  5:07  Extractor  
  79  5:11  Zergling x2  
  79  5:15  Drone x6  
  79  5:18  Lair  
  85  5:22  Extractor  
  85  5:23  Drone, Extractor, Overlord  
  85  5:27  Drone x3  
  87  5:32  Hatchery  
  85  5:36  Overlord  
  85  5:41  Roach  
  85  5:42  Roach x4  
  95  5:43  Overlord  
  95  5:45  Overlord  
  95  5:47  Overlord  
  95  5:51  Roach x2  
  95  5:53  Overlord  
  99  5:57  Overlord  
  99  5:58  Roach x2  
  99  6:00  Overlord  
  99  6:03  Extractor  
  102  6:06  Baneling Nest, Roach x2  
  102  6:07  Roach  
  102  6:08  Drone  
  102  6:09  Drone  
  102  6:10  Overlord  
  109  6:15  Overlord  
  109  6:16  Overlord  
  108  6:19  Zergling x6  
  108  6:25  Overlord  
  111  6:28  Glial Reconstitution  
  111  6:30  Drone x4  
  115  6:33  Overseer  
  115  6:34  Overlord  
  115  6:41  Roach x7  
  115  6:44  Drone  
  129  6:48  Zergling x4  
  129  6:51  Spore Crawler, Centrifugal Hooks  
  129  6:54  Drone x3  
  133  6:55  Zergling x6  
  133  7:01  Roach  
  138  7:07  Roach x8  
  154  7:13  Zerg Missile Weapons Level 1  
  154  7:15  Zergling x2  
  155  7:17  Overlord  
  155  7:19  Zergling x8  
  155  7:21  Pneumatized Carapace  
  155  7:22  Zergling x8  
  163  7:25  Drone  
  164  7:33  Roach x7  
  177  7:38  Zergling x6  
  177  7:43  Zergling x2  
  177  7:44  Zergling x4, Spine Crawler  
  182  7:48  Zergling x6  
  185  7:53  Zergling x10  
  185  7:57  Baneling x11  
  190  8:03  Zergling x16  
  198  8:07  Baneling  
  198  8:08  Baneling x10  
  198  8:09  Zergling x4  
  200  8:13  Baneling x5  
  200  8:16  Overlord  
  200  8:17  Overlord  
  200  8:20  Spine Crawler  
  200  8:21  Baneling x4  
  199  8:29  Baneling x5  
  199  8:32  Zergling x2  
  200  8:40  Zergling x8  
  199  8:44  Zergling x22  
  195  8:48  Zergling x2  
  195  8:53  Roach  
  195  8:54  Roach x2  
  186  8:57  Zergling x10  
  186  9:01  Zergling x2, Ravager x2  
  186  9:02  Zergling x8  
  195  9:07  Baneling x12  
  190  9:10  Zergling x8  
  190  9:15  Zergling x2  
  171  9:18  Zergling x4  
  171  9:20  Zergling x2  
  171  9:23  Ravager x2  
  166  9:24  Zergling x2  
  166  9:29  Zergling x14  
  166  9:34  Zergling x10  
  166  9:36  Ravager x3  
  168  9:39  Zergling x4  
  168  9:45  Zergling x8  
  172  9:50  Hatchery  
  172  9:51  Zergling x6  
  167  9:57  Zergling x8  
  156  10:00  Zergling x6  
  150  10:12  Zergling x12  
  154  10:15  Zergling x2  
  154  10:16  Zergling x8  
  154  10:20  Zerg Melee Weapons Level 2  
  152  10:21  Infestation Pit  
  152  10:22  Drone x2  
  152  10:23  Zergling x2  
  152  10:24  Zergling x4  
  152  10:28  Zergling x4  
  153  10:34  Zergling x4  
  154  10:37  Zergling x4  
  154  10:41  Queen  
  154  10:42  Zergling x8  
  161  10:43  Baneling x15  
  161  10:44  Baneling x12  
  161  10:46  Zergling x8  
  161  10:47  Hatchery  
  164  10:55  Zergling x16  
  172  10:58  Hive  
  172  11:01  Zergling x6  
  175  11:05  Extractor, Drone x2  
  175  11:09  Zergling x4  
  177  11:12  Baneling x10  
  177  11:14  Zergling x10  
  181  11:18  Zergling x2  
  181  11:21  Zergling x14  
  181  11:22  Queen  
  183  11:33  Roach x3  
  183  11:35  Roach x4  
  183  11:39  Roach  
  159  11:42  Roach  
  159  11:43  Roach x2  
  159  11:46  Roach x3  
  157  11:49  Zergling x10  
  157  11:52  Baneling x7  
  158  11:56  Zergling x8  
  158  11:57  Baneling x3  
  158  12:00  Zergling x8  
  164  12:03  Zergling x2  
  164  12:07  Zergling x2  
  165  12:10  Zergling x6  
  165  12:14  Zergling x4  
  169  12:16  Baneling x9  
  169  12:22  Zergling x18  
  178  12:26  Queen  
  178  12:27  Zergling x2  
  181  12:31  Zergling x6  
  181  12:34  Baneling x7  
  184  12:37  Zergling x4  
  184  12:42  Zergling x10  
  189  12:47  Zergling x10  
  189  12:50  Zergling x6  
  195  12:55  Zergling x10  
  194  13:03  Zergling x10  
  195  13:06  Baneling x12  
  195  13:07  Baneling  
  193  13:32  Zergling x6  
  193  13:33  Baneling x10  
  195  13:36  Zergling x2  
  195  13:42  Baneling  
  195  13:43  Zergling x2  
  196  13:52  Zergling x10  
  196  13:55  Roach x8  
  196  13:57  Zergling x16  
  196  14:00  Roach x7  
  186  14:05  Roach x2  
  186  14:06  Zergling x2  
  168  14:11  Roach x3  
  168  14:13  Roach  
  168  14:14  Roach x5  
  167  14:17  Roach x2  
  167  14:19  Zergling x4  
  167  14:22  Zergling x4  
  169  14:28  Ravager x2  
Tags
 
Add a new tag
Caveats
  • Supply blocks, unpowered buildings, or Contaminate may cause inaccurate times.
  • Supply counts are checked every 10 seconds.